Map: Frozen Temple

Players

Fropez

  • Race: Protoss Protoss
  • League: Gold
  • Spawn Location: 11:00

Raynooor - Winner!

  • Race: Zerg Zerg
  • Spawn Location: 5:00

VOD

Have the link to the VOD?

Description

Time

  • Played on: Sept. 22, 2016, 6:58 p.m.
  • Length: 9:01
Show
View Real Time Build Order
Export as new Build Order

Fropez Protoss 

Build Orders:  

Get SALT Encoding   

  12  0:01  Probe (Chrono Boost)  
  13  0:15  Pylon  
  13  0:17  Probe (Chrono Boost)  
  14  0:28  Probe (Chrono Boost)  
  15  0:39  Probe (Chrono Boost), Gateway  
  16  0:49  Probe (Chrono Boost)  
  17  0:55  Assimilator  
  17  0:59  Pylon  
  17  1:03  Probe (Chrono Boost)  
  18  1:08  Assimilator  
  18  1:27  Cybernetics Core  
  18  1:29  Probe (Chrono Boost)  
  19  1:39  Probe (Chrono Boost)  
  20  1:52  Pylon  
  20  1:58  Gateway  
  20  2:03  Gateway, Warp Gate (Chrono Boost)  
  20  2:10  Mothership Core  
  21  2:31  Probe  
  22  2:40  Adept  
  22  2:43  Probe  
  25  2:50  Adept  
  27  2:51  Adept  
  27  2:55  Probe  
  30  3:07  Probe  
  30  3:09  Adept  
  33  3:17  Adept  
  35  3:27  Pylon  
  36  3:41  Nexus  
  35  3:45  Probe  
  36  3:57  Probe  
  31  4:03  Adept x2  
  35  4:12  Adept  
  36  4:24  Adept  
  25  4:40  Probe  
  26  4:51  Probe  
  27  4:52  Probe  
  28  5:02  Probe  
  29  5:10  Twilight Council  
  29  5:35  Adept x2  
  31  5:36  Probe  
  28  5:56  Adept  
  26  5:57  Probe  
  26  6:03  Resonating Glaives (Chrono Boost)  
  23  6:21  Gateway  
  23  6:35  Gateway  
  23  6:41  Probe  
  23  6:42  Probe  
  25  6:53  Probe x2  
  27  7:05  Probe  
  27  7:07  Probe  
  29  7:16  Probe  
  29  7:18  Adept  
  29  7:19  Probe  
  33  7:28  Probe  
  34  7:36  Pylon  
  34  7:40  Probe  
  34  7:41  Probe, Templar Archives  
  36  7:49  Adept  
  38  7:54  Sentry x2  
  42  7:59  Probe  
  42  8:00  Probe  
  44  8:06  Assimilator  
  44  8:08  Assimilator  
  44  8:10  Probe  
  45  8:26  High Templar  
  45  8:27  High Templar x3  
  51  8:48  Archon x2  
Show
View Real Time Build Order
Export as new Build Order

Raynooor Zerg - Winner!

Build Orders: Pool First 

Get SALT Encoding   

  12  0:03  Drone  
  13  0:09  Drone  
  14  0:17  Overlord  
  14  0:36  Drone x3  
  17  0:46  Spawning Pool  
  17  0:48  Extractor  
  15  0:51  Drone  
  16  0:58  Drone  
  18  1:11  Drone  
  18  1:25  Drone, Hatchery  
  18  1:35  Overlord  
  18  1:42  Queen  
  20  1:49  Metabolic Boost  
  20  1:54  Drone  
  21  1:58  Drone  
  22  2:03  Drone  
  23  2:14  Extractor  
  22  2:17  Drone  
  23  2:30  Overlord  
  23  2:39  Queen  
  23  2:40  Drone  
  23  2:42  Drone  
  27  2:51  Zergling x6  
  27  2:52  Zergling x2  
  27  2:53  Zergling x2  
  32  3:07  Evolution Chamber  
  32  3:08  Zergling x2  
  32  3:09  Zergling x4  
  32  3:12  Zergling x2  
  35  3:20  Overlord  
  35  3:23  Zergling x6  
  35  3:27  Zergling x2  
  39  3:32  Drone  
  40  3:35  Zerg Melee Weapons Level 1  
  40  3:42  Drone  
  40  3:43  Drone  
  42  3:49  Drone x2  
  42  3:51  Drone  
  45  3:56  Drone x2  
  47  4:03  Drone x2  
  47  4:06  Drone  
  44  4:18  Drone  
  44  4:19  Drone x2  
  44  4:20  Drone x2  
  44  4:24  Spore Crawler  
  42  4:26  Spore Crawler  
  40  4:31  Spore Crawler  
  40  4:33  Spore Crawler  
  40  4:34  Drone  
  40  4:36  Drone  
  40  4:42  Lair  
  40  4:45  Drone  
  41  4:48  Zergling x4  
  41  4:50  Drone  
  44  4:53  Extractor  
  44  4:55  Extractor  
  42  5:02  Spine Crawler  
  42  5:04  Spine Crawler  
  42  5:06  Zergling x6  
  43  5:07  Zergling x2  
  42  5:16  Zergling x4  
  42  5:19  Zergling x8  
  45  5:33  Zergling x4  
  45  5:34  Zergling x2  
  44  5:44  Zergling x2  
  44  5:45  Zergling x8  
  45  5:52  Drone  
  44  6:01  Drone  
  44  6:02  Drone  
  44  6:03  Drone  
  47  6:11  Hatchery  
  45  6:18  Hydralisk Den  
  45  6:20  Drone x3  
  45  6:21  Drone x2  
  45  6:24  Zergling x4  
  51  6:29  Zerg Missile Weapons Level 1  
  51  6:35  Overseer  
  51  6:43  Overlord  
  51  6:44  Overlord x2  
  51  6:50  Muscular Augments  
  51  7:01  Hydralisk x3  
  51  7:04  Hydralisk  
  51  7:08  Hydralisk  
  61  7:13  Hydralisk  
  63  7:16  Hydralisk  
  63  7:20  Hydralisk  
  67  7:26  Hydralisk  
  67  7:29  Hydralisk  
  69  7:32  Hydralisk  
  73  7:38  Queen  
  73  7:41  Hydralisk  
  77  7:46  Hydralisk  
  79  7:55  Drone x2  
  81  7:58  Overlord x2  
  81  8:15  Spine Crawler  
  81  8:17  Spine Crawler  
  81  8:19  Spine Crawler, Drone x2  
  80  8:21  Spine Crawler, Drone  
  80  8:27  Drone x2  
  80  8:28  Drone  
  80  8:31  Drone  
Tags
 
League
Gold
Matchup
PvZ
Opening
Pool First
Replay Pack
All Mines
Spawn Locations
Cross Positions
Add a new tag
Caveats
  • Supply blocks, unpowered buildings, or Contaminate may cause inaccurate times.
  • Supply counts are checked every 10 seconds.